 Dungeon Crawl Stone Soup version 0.18.1-50-g88ac8fd (webtiles) character file.

79 Korbac the Conjurer (level 4, 0/33 HPs)
             Began as a Human Conjurer on Oct 16, 2016.
             Succumbed to a worker ant's poison
             ... on level 3 of the Dungeon.
             The game lasted 00:09:00 (1496 turns).

Korbac the Conjurer (Human Conjurer)                Turns: 1496, Time: 00:09:01

Health: 0/33       AC:  3    Str: 13    XL:     4   Next: 64%
Magic:  0/8        EV: 12    Int: 17    God:
Gold:   27         SH:  0    Dex: 13    Spells: 2 memorised, 5 levels left

rFire  . . .     SeeInvis .     f - +2 dagger (flame)
rCold  . . .     Gourm    .     a - +1 robe
rNeg   . . .     Faith    .     (no shield)
rPois  .         Spirit   .     (no helmet)
rElec  .         Dismiss  .     (no cloak)
rCorr  .         Reflect  .     (no gloves)
SustAt .         Harm     .     (no boots)
MR     .....                    (no amulet)
Stlth  ++........               (no ring)
                                (no ring)

@: mighty, lethally poisoned (0 -> -17), not resistant to hostile enchantments,
unstealthy
A: robust 1
a: no special abilities


You were on level 3 of the Dungeon.
You were not hungry.

You visited 1 branch of the dungeon, and saw 3 of its levels.

You collected 27 gold pieces.

Inventory:

Hand Weapons
 f - a +2 dagger of flaming (weapon)
Armour
 a - a +1 robe (worn)
Scrolls
 d - 2 scrolls of remove curse
 e - a scroll of identify
Books
 b - a book of Conjurations

   Spells                             Type                      Level
   a - Magic Dart                     Conjuration                  1
   b - Searing Ray                    Conjuration                  2
   c - Dazzling Spray                 Conjuration/Hexes            3
   d - Fulminant Prism                Conjuration/Hexes            4
   e - Iskenderun's Mystic Blast      Conjuration                  4
   f - Iskenderun's Battlesphere      Conjuration/Charms           5
Comestibles
 c - 3 bread rations


   Skills:
 + Level 0.2 Short Blades
 + Level 2.2 Dodging
 - Level 2.0 Stealth
 * Level 2.8 Spellcasting
 * Level 5.0 Conjurations


You had 5 spell levels left.
You knew the following spells:

 Your Spells              Type           Power        Failure   Level  Hunger
a - Magic Dart            Conj           ###.         2%          1    #......
b - Searing Ray           Conj           ###...       3%          2    ##.....


Dungeon Overview and Level Annotations

Branches:
Dungeon (3/15)

Altars:
Pakellas


Innate Abilities, Weirdness & Mutations

You are robust (+10% HP).


Message History

Confirm with . or Enter, or press ? or * to list all spells.
Aiming: Magic Dart
Press: ? - help, Shift-Dir - straight line, f/p - worker ant
Aim: a worker ant (almost dead)
The magic dart hits the worker ant.
You kill the worker ant!
* * * LOW HITPOINT WARNING * * *
You feel sick.
Unknown command.
Drink which item? (? for menu, Esc to quit)
Okay, then.
Read which item? (? for menu, Esc to quit)
None of your equipped items are cursed.
Drink which item? (? for menu, Esc to quit)
You feel very mighty all of a sudden.
* * * LOW HITPOINT WARNING * * *
You feel sick.
* * * LOW HITPOINT WARNING * * *
You feel sick.
You die...

########..######
#..............#
#.######†.###...
###........)(....#
................#
#..........##..#
#..........# .# #
####.....<....+ .
#####(##.@...........#
......†..#######.....#
#####.##.# ### #.....#
# #.# ### #.....# ...
+_+...#####
#..###+###.# ##.# #.#
#.# #.. #..


There were no monsters in sight!

Vanquished Creatures
  A worker ant (D:3)
  An adder (D:2)
  A giant gecko (D:1)
  2 bats
  5 giant cockroaches
  10 goblins
  3 hobgoblins
  7 kobolds
  2 quokkas (D:2)
  3 ball pythons
  5 giant newts
  3 rats
43 creatures vanquished.

Notes
Turn   | Place    | Note
--------------------------------------------------------------
     0 | D:1      | Korbac the Human Conjurer began the quest for the Orb.
     0 | D:1      | Reached XP level 1. HP: 13/13 MP: 3/3
   216 | D:1      | Reached XP level 2. HP: 19/19 MP: 3/5
   325 | D:1      | Learned a level 2 spell: Searing Ray
   751 | D:2      | Reached XP level 3. HP: 22/24 MP: 0/6
  1332 | D:2      | Reached XP level 4. HP: 30/30 MP: 1/7
  1351 | D:2      | Reached skill level 5 in Conjurations
  1471 | D:3      | Found an oddly glowing altar of Pakellas.
  1491 | D:3      | Gained mutation: You are robust (+10% HP). [potion of beneficial mutation]
  1495 | D:3      | HP: 1/33 [poisoned by a worker ant]
  1496 | D:3      | Succumbed to a worker ant's poison

Skill      XL: |  1  2  3  4 |
---------------+-------------+-----
Conjurations   | 5 |  5.0
Short Blades   | |  0.2
Dodging        | |  2.2
Stealth        | |  2.0
Spellcasting   | |  2.8

Action                   |  1- 3 |  4- 6 || total
-------------------------+-------+-------++-------
Melee: Dagger            |    38 |     6 ||    44
       Unarmed           |     2 |       ||     2
 Cast: Magic Dart        |    30 |    10 ||    40
       Searing Ray       |     5 |     1 ||     6
  Use: Scroll            |     3 |     5 ||     8
       Potion            |       |     2 ||     2
  Eat: Meat ration       |     1 |       ||     1
Armor: Robe              |    11 |     3 ||    14
Dodge: Dodged            |    33 |    11 ||    44
